Unix NetHack Version 5.0.0-0 post-release - last build Jun 10 2026 00:39:30 (3ee93aec679c4c4259841fe613dc97188e26a321,branch:main).

Game began 2026-06-20 21:30:22, ended 2026-06-22 21:54:18.

Felix1, neutral male human Barbarian

                                                     ------     ---------
                                                     |..."-%    |...<...|
                                                     |....|%####-.......|
                                      #@@)#######    |.>..|     |.......|
                                                #####|....|   ##-.......|
                                         G :        #.....|   # ---------
                                       G             --.---   #
                                                       ########
                                                       ##
                                       @

Felix1 the Bandit          St:18/03 Dx:18 Co:18 In:7 Wi:6 Ch:6  Neutral
Dlvl:7  $:49 HP:0(67) Pw:11(11) AC:9  Xp:6 T:2965  Satiated Burdened

Latest messages:
 You see here a cram ration.
 You have a little trouble lifting D - a cram ration.
 Really step into that web? [yn] (n) y
 There is a web here.
 You see here a gnome queen corpse.
 You stumble into a spider web!
 There is a gnome queen corpse here; eat it? [ynq] (n) y
 This gnome queen corpse tastes terrible!
 You finish eating the gnome queen corpse.
 You disentangle yourself.
 You see here a partly eaten giant spider corpse.
 You see here a partly eaten small glob of brown pudding.
 You smite the orc zombie!
 The orc zombie hits!
 The orc zombie hits!
 You destroy the orc zombie!
 You see here a pearl ring.
 You have a little trouble lifting E - a pearl ring.
 You hear bubbling water.
 You can't go down here.
 The werewolf hits!
 You feel more confident in your weapon skills.
 (Tip: use the #enhance command to advance them.)
 You smite the werewolf!
 The werewolf hits!
 You smite the werewolf!
 The Woodland-elf is hit.
 The werewolf hits!
 You hear a Woodland-elf reading a scroll of teleportation.
 The werewolf hits!
 You kill the werewolf!
 It is missed.
 The elven dagger hits the Woodland-elf.
 You kill the Woodland-elf!
 You see here an elven broadsword.
 The Woodland-elf thrusts his elven dagger.
 The Woodland-elf hits!
 The gnomish wizard casts a spell!
 The Woodland-elf thrusts his elven dagger.
 The Woodland-elf hits!
 You smite the Woodland-elf!
 The Woodland-elf thrusts his elven dagger.
 The Woodland-elf hits!
 You kill the Woodland-elf!
 The Woodland-elf swings his elven broadsword.
 The Woodland-elf hits!
 The Woodland-elf swings his elven broadsword.
 The Woodland-elf hits!
 You die...
 Do you want your possessions identified? [ynq] (y) q

Inventory:
 Coins    ('$')
  $ - 49 gold pieces
 Amulets  ('"')
  k - an uncursed amulet of ESP (being worn)
 Weapons  (')')
  b - a +0 axe (alternate weapon; not wielded)
  a - a +0 two-handed sword (weapon in hands)
 Armor    ('[')
  c - an uncursed very rusty +0 ring mail (being worn)
 Comestibles  ('%')
  D - an uncursed cram ration
  d - 3 uncursed food rations
  A - an uncursed tin of smoked kobold meat
 Scrolls  ('?')
  z - a blessed scroll of earth
  p - an uncursed scroll of enchant armor
  C - an uncursed scroll of enchant weapon
 Spellbooks  ('+')
  f - an uncursed spellbook of confuse monster
 Potions  ('!')
  B - a blessed potion of confusion
  x - a blessed potion of monster detection
  v - an uncursed potion of restore ability
  u - a cursed potion of see invisible
  y - an uncursed potion of water
 Rings    ('=')
  E - a cursed ring of poison resistance
  i - an uncursed ring of shock resistance (on right hand)
 Tools    ('(')
  n - an uncursed credit card
  q - a thoroughly rusty very corroded +0 pick-axe
  h - an uncursed towel
 Gems/Stones  ('*')
  r - an uncursed worthless piece of black glass
  s - an uncursed worthless piece of green glass
  t - an uncursed worthless piece of orange glass
  w - an uncursed worthless piece of yellowish brown glass
  g - an uncursed touchstone
  l - 15 uncursed rocks

Felix1 the Barbarian's attributes:

Background:
 You were a Bandit, a level 6 male human Barbarian.
 You were neutral, on a mission for Crom
 who was opposed by Mitra (lawful) and Set (chaotic).
 You were right-handed.
 You were in the Dungeons of Doom, on level 7.
 You entered the dungeon 2965 turns ago.
 You had 510 experience points, 130 more were needed to attain level 7.

Basics:
 You had 0 out of 67 hit points.
 You had all 11 energy points (spell power).
 Your armor class was 9.
 Your wallet contained 49 zorkmids.
 Autopickup was off.

Final Characteristics:
 Your strength was 18/03 (limit:18/100).
 Your dexterity was 18 (limit:18).
 Your constitution was 18 (limit:18).
 Your intelligence was 7 (limit:18).
 Your wisdom was 6 (peak:7, limit:18).
 Your charisma was 6 (limit:18).

Final Status:
 You were satiated.
 You were burdened; movement was slightly slowed.
 You were wielding a two-handed sword.
 You had basic skill with two-handed sword and could have enhanced that.

Final Attributes:
 You were piously aligned.
 You were shock resistant.
 Your items were protected from electric shocks.
 You were poison resistant.
 You were telepathic.
 You were invisible.
 You were warded.
 You are dead.

Miscellaneous:
 You didn't encounter any bones levels.
 Total elapsed playing time was 33 minutes and 56 seconds.

Major events:
 Turn
    1: Felix1 the neutral male human Barbarian entered the dungeon
  820: attained the rank of Pillager (level 3)
 2820: attained the rank of Bandit (level 6)
 2965: killed by a Woodland-elf

You didn't know any spells.

Skills:
 Fighting Skills
   bare handed combat [Basic]
   two weapon combat  [Unskilled]
   riding             [Unskilled]
 Weapon Skills
   dagger             [Unskilled]
   axe                [Basic]
   pick-axe           [Unskilled]
   short sword        [Unskilled]
   broadsword         [Unskilled]
   long sword         [Unskilled]
   two-handed sword   [Basic]
   saber              [Unskilled]
   club               [Unskilled]
   mace               [Unskilled]
   morning star       [Unskilled]
   flail              [Unskilled]
   hammer             [Unskilled]
   quarterstaff       [Unskilled]
   spear              [Unskilled]
   trident            [Unskilled]
   bow                [Unskilled]
 Spellcasting Skills
   attack spells      [Unskilled]
   escape spells      [Unskilled]

Voluntary challenges:
 Character rerolling was not enabled.
 You never genocided any monsters.
 You never polymorphed an object.
 You never changed form.
 You used no wishes.
Achievements:
 You attained the rank of Pillager.
 You entered a shop.
 You attained the rank of Bandit.

 The Dungeons of Doom: levels 1 to 7
    Level 1:
       A fountain.
    Level 2:
    Level 3:
       A tool shop.
    Level 4:
    Level 5:
       An altar to Crom.
    Level 6:
    Level 7: <- You were here.
       Final resting place for
          you, killed by a Woodland-elf.


Vanquished creatures:
  a giant spider
  a gnome ruler
  2 brown puddings
  a werewolf
  a dingo
  2 Woodland-elves
  a water nymph
  4 Mordor orcs
  2 rock piercers
  2 rock moles
  a gnome leader
  3 giant ants
  a floating eye
  a dwarf
  a rothe
 an orc zombie
  a wererat
  2 coyotes
  2 giant rats
  a yellow mold
  2 red molds
  a gnome
  a gecko
  3 jackals
  2 foxes
  a goblin
  a sewer rat
  5 grid bugs
  4 lichens
  5 newts
56 creatures vanquished.

No species were genocided or became extinct.

Game over:
                       ----------
                      /          \
                     /    REST    \
                    /      IN      \
                   /     PEACE      \
                  /                  \
                  |      Felix1      |
                  |      49 Au       |
                  |   killed by a    |
                  |   Woodland-elf   |
                  |                  |
                  |                  |
                  |       2026       |
                 *|     *  *  *      | *
        _________)/\\_//(\/(/\)/\//\/|_)_______

Goodbye Felix1 the Barbarian...

You died in The Dungeons of Doom on dungeon level 7 with 2395 points,
and 49 pieces of gold, after 2965 moves.
You were level 6 with a maximum of 67 hit points when you died.

